 Dungeon Crawl Stone Soup version 0.25.1-2-g60ff931df9 (webtiles) character file.

Game seed: 3934151894021401276

227 Arcadio the Charmwright (level 5, -7/30 HPs)
             Began as a Vampire Skald on Dec 4, 2020.
             Killed by nerve-wracking pain
             ... invoked by an orc priest
              (9 damage)
             ... on level 4 of the Dungeon.
             The game lasted 00:17:47 (3112 turns).

Arcadio the Charmwright (Vampire Skald)             Turns: 3112, Time: 00:17:47

Health: -7/30      AC:  3    Str: 11    XL:     5   Next: 70%
Magic:  0/8        EV: 13    Int: 15    God:
Gold:   189        SH:  0    Dex: 14    Spells: 2/8 levels left

rFire    . . .     SeeInvis +   a - +1 short sword
rCold    . . .     Gourm    .   (no shield)
rNeg     . . .     Faith    .   b - +0 leather armour
rPois    .         Spirit   .   (no helmet)
rElec    .         Reflect  .   (no cloak)
rCorr    .         Harm     .   (no gloves)
MR       .....                  (no boots)
Stlth    +.........             (no amulet)
HPRegen  0.30/turn              (no ring)
MPRegen  0.11/turn              (no ring)

@: infused (expiring), singing (expiring), regenerating quickly
A: no food, fangs 3, see invisible, [frail 2], unbreathing
a: Exsanguinate


You were on level 4 of the Dungeon.
You were alive.

You visited 1 branch of the dungeon, and saw 4 of its levels.

You collected 189 gold pieces.

Inventory:

Hand Weapons
 a - a +1 short sword (weapon)
Missiles
 h - 33 sling bullets
 m - 55 stones (quivered)
Armour
 b - a +0 leather armour (worn)
 g - a +0 leather armour
 q - a +0 buckler
Jewellery
 c - an uncursed ring of stealth {unknown}
 i - an uncursed amulet of the acrobat {unknown}
 o - an uncursed amulet of faith {unknown}
Scrolls
 d - a scroll of teleportation
 f - a scroll of enchant weapon
 j - a scroll of noise {unknown}
 n - a scroll of magic mapping {unknown}
 r - a scroll of fog {unknown}
 s - a scroll of fear {unknown}
Potions
 e - a potion of lignification {unknown}
 k - a potion of degeneration {unknown}
 l - 2 potions of flight
 p - a potion of stabbing {unknown}


   Skills:
 - Level 1.7 Fighting
 + Level 4.1 Short Blades
 - Level 0.7 Armour
 + Level 4.2 Dodging
 - Level 2.0 Spellcasting
 + Level 4.9 Charms


You had 2 spell levels left.
You knew the following spells:

 Your Spells              Type           Power        Failure   Level  Hunger
a - Infusion              Chrm           ###.         3%          1    N/A
b - Song of Slaying       Chrm           ###.....     6%          2    N/A
c - Spectral Weapon       Hex/Chrm       #.......     32%         3    N/A

Your spell library contained the following spells:

 Spells                   Type           Power        Failure   Level  Hunger
 Shroud of Golubria       Chrm/Tloc      #.....       16%         2    N/A
 Ozocubu's Armour         Chrm/Ice       #.......     32%         3    N/A

Dungeon Overview and Level Annotations

Branches:
Dungeon (4/15)
 Temple: D:4-7

Altars:
Hepliaklqana
Nemelex Xobeh
Ru
Xom

Annotations:
D:4 Dowan, Duvessa


Innate Abilities, Weirdness & Mutations

You do not eat.
Your natural rate of healing is unusually fast.
You have razor-sharp teeth.
You have supernaturally acute eyesight. (SInv)
You can survive without breathing.
[You are very frail. (-20% HP)]


Message History

The orc priest looks encouraged for a moment.
The orc hits you with a +0 whip.
* * * LOW HITPOINT WARNING * * *
You hit the orc.
The orc is heavily wounded.
Your song is almost over.
The orc hits you with a +0 whip.
* * * LOW HITPOINT WARNING * * *
You completely miss the orc.
The orc is heavily wounded.
The orc barely misses you.
You closely miss the orc. You bite the orc.
The orc is severely wounded.
The orc hits you with a +0 whip.
* * * LOW HITPOINT WARNING * * *
You puncture the orc!
You kill the orc!
The orc priest mumbles some strange prayers to Beogh against you.
Pain shoots through your body!
You die...

#. . $#. ...
#.# #.#
#.###.#######)
#....o..o.....
#####)#######.
#@# #.# #.#
#.# #.# #.#
#.# #.# #.#
#.# #.#


You could see an orc priest.

Vanquished Creatures
  An orc wizard (D:4)
  Jessica (D:2)
  A worker ant (D:3)
  5 adders
  3 oozes
  2 worms (D:2)
  7 orcs
  6 bats
  10 giant cockroaches
  5 goblins
  7 hobgoblins
  7 jackals
  A quokka (D:3)
  A ball python (D:1)
  6 frilled lizards
  8 kobolds
  8 rats
79 creatures vanquished.

Notes
Turn   | Place    | Note
-------+----------+-------------------------------------------
     0 | D:1      | Arcadio the Vampire Skald began the quest for the Orb.
     0 | D:1      | Reached XP level 1. HP: 16/16 MP: 3/3
   181 | D:1      | Reached XP level 2. HP: 22/22 MP: 0/5
   185 | D:1      | Learned a level 2 spell: Song of Slaying
  1087 | D:2      | Noticed Jessica
  1152 | D:1      | Reached XP level 3. HP: 24/27 MP: 3/6
  1430 | D:2      | Killed Jessica
  1430 | D:2      | Reached XP level 4. HP: 19/33 MP: 1/7
  1605 | D:2      | Found a shimmering altar of Xom.
  1623 | D:2      | Found a hazy altar of Hepliaklqana.
  1681 | D:2      | Found a sacrificial altar of Ru.
  2126 | D:3      | Learned a level 3 spell: Spectral Weapon
  2275 | D:3      | Reached XP level 5. HP: 38/38 MP: 8/8
  2453 | D:3      | Found a sparkling altar of Nemelex Xobeh.
  2817 | D:4      | Noticed Duvessa
  2817 | D:4      | Noticed Dowan
  3112 | D:4      | Killed from afar by an orc priest

Illustrated notes

Levels and vault maps discovered:
D:1:      nicolae_arrival_memento_mori, layout_basic,
          chequers_serial_rivers_room_a
D:2:      layout_rooms, nicolae_ru_awakened_eye, nicolae_overflow_crystal_walls,
          first_ration, xom_teletrap_fun, uniq_jessica
D:3:      minmay_roachtagon, layout_basic, nemelex_xobeh_ov_fountains_minmay,
          led_sif_pool, hangedman_abyss_or_decor_stabs, uniq_grinder
D:4:      layout_loops_ring, fedhas_altar_fruit_tree,
          kennysheep_okawaru_gauntlet, mrwooster_statue_mirror,
          chequers_big_river, uniq_duvessa, uniq_edmund

Skill      XL: |  1  2  3  4  5 |
---------------+----------------+-----
Short Blades   | 3 4 |  4.1
Dodging        | 3 4 |  4.2
Charms         | 4 |  4.9
Fighting       | |  1.7
Armour         | |  0.7
Spellcasting   | |  2.0

Action                   |  1- 3 |  4- 6 || total
-------------------------+-------+-------++-------
Melee: Short sword       |    98 |   158 ||   256
       Bite              |    12 |    17 ||    29
Throw: Stone             |     9 |       ||     9
 Cast: Infusion          |    11 |    10 ||    21
       Song of Slaying   |     1 |     4 ||     5
       Spectral Weapon   |       |     1 ||     1
 Abil: Exsanguinate      |       |     3 ||     3
       Revivify          |       |     2 ||     2
  Use: Scroll            |     4 |     1 ||     5
 Stab: Sleeping          |       |     1 ||     1
Armor: Leather armour    |    22 |    32 ||    54
Dodge: Dodged            |    81 |   102 ||   183
